 Dungeon Crawl Stone Soup version 0.28-a0-1182-g381e24db82 (webtiles) character file.

Game seed: 419810723520186164

57290 porpoise the Eclecticist (level 14, -11/86 HPs)
             Began as a Deep Elf Conjurer on Dec 16, 2021.
             Was an Elder of Vehumet.
             Killed from afar by an efreet (16 damage)
             ... with a fireball
             ... on level 14 of the Dungeon on Dec 17, 2021.
             The game lasted 01:55:25 (27564 turns).

porpoise the Eclecticist (Deep Elf Conjurer)       Turns: 27564, Time: 01:55:26

Health: -11/86     AC: 10    Str:  6    XL:     14   Next: 45%
Magic:  19/46      EV: 18    Int: 32    God:    Vehumet [****..]
Gold:   760        SH:  0    Dex: 19    Spells: 30/45 levels left

rFire   . . .      SeeInvis .   b - +1 hunting sling
rCold   + . .      Faith    .   (no shield)
rNeg    . . .      Spirit   .   R - +2 robe {Will+}
rPois   .          Reflect  .   U - +3 hat of Pondering {ponderous, Will+ MP+10 Int+5}
rElec   .          Harm     .   H - +0 cloak
rCorr   .          Rampage  .   F - +0 pair of gloves
Will    +++..                   o - +0 pair of boots
Stlth   +++++.....              m - amulet of regeneration
HPRegen 1.04/turn               u - ring of protection from cold
MPRegen 0.30/turn               G - +6 ring of dexterity

@: studying Conjurations, slow
A: no striking features
a: Renounce Religion


You were on level 14 of the Dungeon.
You worshipped Vehumet.
Vehumet was greatly pleased with you.
You visited 3 branches of the dungeon, and saw 20 of its levels.
You also visited: Sewer and Ossuary.

You collected 1129 gold pieces.
You spent 369 gold pieces at shops.

Inventory:

Hand Weapons
 a - a +2 demon whip of electrocution
 b - a +1 hunting sling (weapon)
Missiles
 f - 77 poisoned darts (quivered)
 j - 85 sling bullets (quivered ammo)
 k - 5 atropa-tipped darts
Armour
 e - +0 acid dragon scales
 h - a +2 troll leather armour {Snorg}
 o - a +0 pair of boots (worn)
 D - the +8 orange crystal plate armour {Archmagi, Int+3 Clar}
   (You took it off a skeletal warrior on level 14 of the Dungeon)

   Int:       It affects your intelligence (+3).
   Clar:      It protects you against confusion.
 F - a +0 pair of gloves (worn)
 H - a +0 cloak (worn)
 R - a +2 robe of willpower (worn)
 U - the +3 hat of Pondering (worn) {ponderous, Will+ MP+10 Int+5}
   (You took it off Gastronok on level 1 of the Lair of Beasts)

   Int:       It affects your intelligence (+5).
   MP:        It affects your magic capacity (+10).
   Will:      It increases your willpower.
Jewellery
 m - an amulet of regeneration (around neck)
 u - a ring of protection from cold (left hand)
 G - a +6 ring of dexterity (right hand)
Wands
 r - a wand of polymorph (12)
 w - a wand of flame (26)
 x - a wand of iceblast (12)
 y - a wand of acid (13)
 P - a wand of mindburst (32)
Scrolls
 l - 5 scrolls of blinking
 n - a scroll of enchant armour
 q - 3 scrolls of fog
 t - a scroll of magic mapping
 A - 3 scrolls of identify
 B - 10 scrolls of teleportation
 C - 2 scrolls of vulnerability
 E - 5 scrolls of holy word
 J - 4 scrolls of fear
 V - 2 scrolls of summoning
Potions
 c - 2 potions of lignification
 d - a potion of ambrosia
 g - 3 potions of heal wounds
 i - 2 potions of magic
 s - 4 potions of haste
 z - 10 potions of curing
 I - 2 potions of cancellation
 K - 2 potions of attraction
 L - 2 potions of invisibility
Miscellaneous
 p - a phial of floods
 v - a lightning rod (4/4)
 T - a tin of tremorstones (1/2)


   Skills:
 * Level 9.3 Fighting
 - Level 9.0 Dodging
 + Level 12.3 Stealth
 - Level 16.0 Spellcasting
 + Level 12.4 Conjurations
 * Level 12.6 Hexes
 - Level 9.0 Translocations
 - Level 7.0 Evocations


You had 30 spell levels left.
You knew the following spells:

 Your Spells              Type           Power      Damage    Failure   Level
a - Magic Dart            Conj           100%       1d8       0%          1
b - Searing Ray           Conj           100%       2d8       0%          2
c - Fulminant Prism       Conj/Hex       40%        3d20      1%          4
d - Iskenderun's Mystic   Conj/Tloc      76%        2d15      1%          4
g - Passage of Golubria   Tloc           70%        N/A       1%          4

Your spell library contained the following spells:

 Spells                   Type           Power      Damage    Failure   Level
 Sticky Flame             Conj/Fire      60%        2d8       1%          4
 Slow                     Hex            100%       N/A       0%          1
 Summon Small Mammal      Summ           100%       N/A       1%          1
 Scorch                   Fire           50%        2d7       1%          2
 Static Discharge         Conj/Air       60%        N/A       1%          2
 Confusing Touch          Hex            82%        N/A       1%          3
 Dazzling Flash           Conj/Hex       100%       N/A       1%          3
 Gell's Gravitas          Tloc           70%        N/A       1%          3
 Lesser Beckoning         Tloc           70%        N/A       1%          3
 Summon Guardian Golem    Hex/Summ       60%        N/A       1%          3
 Teleport Other           Tloc           70%        N/A       1%          3
 Tukima's Dance           Hex            82%        N/A       1%          3
 Flame Wave               Conj/Fire      60%        2d10      1%          4
 Lightning Bolt           Conj/Air       30%        1d47      1%          5
 Yara's Violent Unravell  Hex/Tmut       30%        3d13      1%          5
 Corpse Rot               Necr/Air       50%        N/A       2%          2
 Call Canine Familiar     Summ           25%        N/A       4%          3
 Airstrike                Air            12%        N/A       4%          4
 Dispel Undead            Necr           25%        3d12      16%         4
 Summon Lightning Spire   Summ/Air       25%        N/A       16%         4
 Death Channel            Necr           12%        N/A       94%         6
 Summon Cactus Giant      Summ           12%        N/A       94%         6
 Maxwell's Capacitive Co  Air            12%        ∞         100%        8


Dungeon Overview and Level Annotations

Branches:
Dungeon (14/15)            Temple (1/1) D:7            Lair (5/6) D:8
 Shoals (0/4) Lair:2        Snake (0/4) Lair:3        Slime (0/5) Lair:5
    Orc (0/2) D:10         Vaults (0/5) D:14          Sewer (visited)
Ossuary (visited)

Altars:
Kikubaaqudgha
Nemelex Xobeh
Uskayaw
Vehumet
Yredelemnul

Shops:
D:4 *   D:6 (=?   D:13 ?[(

Portals:
Abyss: D:4

Annotations:
D:4 2 transporters, ThrustWizard's ghost, amateur DsMo


Message History

Unknown command.
Really release a tremorstone near your fulminant prism?
The tremorstone explodes into fragments!
The burst of rock shards engulfs your fulminant prism!!
The burst of rock shards engulfs the centaur warrior! x2
The burst of rock shards engulfs your fulminant prism!
The burst of rock shards engulfs the centaur warrior!
The burst of rock shards engulfs the vault guard.
You kill the vault guard!
Vehumet accepts your kill.
You feel your power returning. The burst of rock shards engulfs you!!
Your fulminant prism explodes!
The centaur warrior shoots an arrow.
The arrow barely misses you.
Unknown command.
Casting: Fulminant Prism (safe; 1% risk of failure)
Confirm with . or Enter, or press ? or * to list all spells.
Aiming: Searing Ray (safe; 0% risk of failure)
Press: ? - help, Shift-Dir - straight line, f - centaur warrior
Aim: a centaur warrior, wielding a +0 longbow and quivering arrows (severely wounded, 87% to hit)
The searing ray hits the centaur warrior!
The centaur warrior is severely wounded. (Press . to maintain the ray.)
The centaur warrior shoots an arrow.
The arrow hits you!!
* * * LOW HITPOINT WARNING * * *
The centaur warrior shoots an arrow.
The arrow misses you.
The searing ray hits the centaur warrior!
The centaur warrior is almost dead.
An efreet comes into view.
It is wielding a +4 scimitar of flaming.
The centaur warrior shoots an arrow.
The arrow hits you!!
* * * LOW HITPOINT WARNING * * *
Casting: Searing Ray (safe; 0% risk of failure)
Confirm with . or Enter, or press ? or * to list all spells.
You erupt in a blast of force!
The mystic blast hits the centaur warrior!
You kill the centaur warrior!
Vehumet accepts your kill.
You feel your power returning. The efreet gestures at you.
The fireball explodes!
The fireball engulfs you!
You die...

.....#+## #......................
...................#♣♣.♣♣#.......
.#####.............# ♣.♣ #####...
.#...#..........#### #.# #...
.#...#........^.#.# ... #...
.'...#..........#.# .#. #...
.#...#......R...#.#####.. #...
.#...#.....○##)##........ +...
.#...#......#...@....... #...
.#...'......#...######## #...
.#####......#...# #...
............#...# .####
.......†....#...# ...
............#...# ....
...<........#...#########...#####
............#.[.............#....
............#........)<.....#....


You could see an efreet.

Vanquished Creatures
  Gastronok (Lair:1)
  Kirke (D:12)
  Azrael (D:13)
  Snorg (D:12)
  7 hydras
  2 boulder beetles
  3 vault guards (D:14)
  Erica (D:8)
  4 centaur warriors (D:14)
  4 two-headed ogres
  3 catoblepae
  3 skeletal warriors (D:14)
  A lindwurm (Lair:5)
  4 deep elf pyromancers
  A harpy (shapeshifter) (D:13)
  5 ugly things
  2 cyclopes
  2 manticores (D:14)
  An elephant (shapeshifter) (D:12)
  3 elephants (Lair:3)
  2 black mambas (Lair:5)
  A merfolk siren (Lair:2)
  Joseph (D:9)
  A gargoyle (D:12)
  An unseen horror (D:12)
  9 cane toads
  Psyche (D:8)
  A freezing wraith (D:14)
  A kobold demonologist (D:10)
  An efreet (D:14)
  9 komodo dragons
  A meliai (D:14)
  5 trolls
  A merfolk (Lair:2)
  A polar bear (Lair:5)
  Prince Ribbit (D:6)
  9 slime creatures
  7 blink frogs
  3 shadows
  Sigmund (D:2)
  A spriggan (Lair:4)
  3 wraiths
  2 vampires
  50 yaks
  2 wyverns
  3 fire elementals
  4 hogs (D:12)
  2 basilisks
  Eustachio (D:4)
  A human (D:12)
  2 acid dragons
  5 hell hounds
  12 water moccasins
  A black bear (Lair:1)
  2 ice beasts
  A hornet zombie (D:7)
  3 sky beasts
  A necrophage (D:6)
  2 orc warriors
  11 centaurs
  5 boggarts (D:14)
  2 ogres (D:5)
  11 wolves
  A phantom (D:6)
  2 kobold brigands
  2 elf zombies (Ossuary)
  6 bullfrogs
  A gnoll sergeant (D:10)
  2 scorpions
  A water moccasin skeleton (D:6)
  5 wights (D:8)
  2 howler monkeys
  2 electric eels
  7 centaur zombies
  8 hounds
  3 bullfrog skeletons
  An orc priest (D:14)
  2 jellies
  A centaur skeleton (D:7)
  4 iguanas
  Natasha (thrice) (D:2)
  5 orc wizards
  A killer bee zombie (D:6)
  2 mummies (Ossuary)
  A howler monkey zombie (D:9)
  5 adders
  11 gnolls
  A river rat (Sewer)
  A white imp (D:7)
  2 worms (D:4)
  17 orcs
  4 bats
  7 endoplasms
  4 giant cockroaches
  11 goblins
  2 hobgoblins
  2 jackals (D:3)
  A quokka (D:2)
  10 ball pythons
  10 frilled lizards
  4 goblin zombies (Ossuary)
  8 hobgoblin zombies (Ossuary)
  A jackal zombie (Ossuary)
  13 kobolds
  9 kobold zombies (Ossuary)
  10 orc zombies (Ossuary)
  15 rats
  A rat zombie (Ossuary)
  3 fulminant prisms
448 creatures vanquished.

Vanquished Creatures (others)
  A human (D:12)
  254 fulminant prisms
  21 fungi
  57 plants
333 creatures vanquished.

Grand Total: 781 creatures vanquished

Notes
Turn   | Place    | Note
-------+----------+-------------------------------------------
     0 | D:1      | porpoise the Deep Elf Conjurer began the quest for the Orb.
     0 | D:1      | Reached XP level 1. HP: 10/10 MP: 6/6
   505 | D:1      | Found a faded altar of an unknown god.
   676 | D:1      | Reached XP level 2. HP: 15/15 MP: 6/8
   679 | D:1      | Learned a level 2 spell: Searing Ray
   709 | D:1      | Reached skill level 5 in Conjurations
  1116 | D:2      | Noticed Natasha
  1125 | D:2      | Reached XP level 3. HP: 19/19 MP: 3/9
  1202 | D:2      | Killed Natasha
  1582 | D:2      | Reached XP level 4. HP: 16/24 MP: 6/11
  1717 | D:2      | Reached skill level 4 in Spellcasting
  1864 | D:2      | Noticed Natasha
  1876 | D:2      | Killed Natasha
  1917 | D:2      | Noticed Sigmund
  1928 | D:2      | Killed Sigmund
  1929 | D:2      | Reached skill level 5 in Spellcasting
  1929 | D:2      | Reached XP level 5. HP: 25/28 MP: 8/14
  1929 | D:2      | Reached XP level 6. HP: 28/32 MP: 8/15
  2037 | D:2      | Learned a level 4 spell: Fulminant Prism
  2042 | D:2      | Learned a level 4 spell: Iskenderun's Mystic Blast
  2219 | D:2      | Noticed Natasha
  2222 | D:2      | Killed Natasha
  2223 | D:2      | Reached skill level 1 in Hexes
  3511 | D:4      | Reached skill level 6 in Spellcasting
  3689 | D:4      | Found Nemu's Gadget Gallery.
  3824 | D:4      | Reached XP level 7. HP: 36/36 MP: 14/18
  3858 | D:4      | Noticed Eustachio
  3864 | D:4      | Killed Eustachio
  4148 | D:4      | Found a transporter.
  4169 | D:4      | Found a one-way gate to the infinite horrors of the Abyss.
  4169 | D:4      | Noticed ThrustWizard's ghost (amateur DsMo)
  4184 | D:4      | Found a transporter.
  4199 | D:4      | Noticed a toenail golem
  4457 | D:5      | Entered Level 5 of the Dungeon
  4787 | D:5      | Reached skill level 7 in Spellcasting
  4850 | D:5      | Found a glowing drain.
  4861 | D:5      | Reached skill level 5 in Stealth
  4861 | D:5      | Reached skill level 5 in Hexes
  4885 | D:5      | Paralysed by an orc for 4 turns
  5107 | Sewer    | Entered a sewer
  5543 | D:5      | Reached skill level 1 in Translocations
  5543 | D:5      | Reached XP level 8. HP: 41/41 MP: 16/20
  6596 | D:6      | Found Bozuc's Magic Scroll Boutique.
  6606 | D:6      | Bought a scroll of identify for 30 gold pieces
  6606 | D:6      | Bought a scroll of identify for 30 gold pieces
  6606 | D:6      | Bought a scroll of teleportation for 45 gold pieces
  6606 | D:6      | Bought a scroll of teleportation for 45 gold pieces
  6606 | D:6      | Bought a scroll of fog for 30 gold pieces
  6606 | D:6      | Bought a scroll of fog for 30 gold pieces
  6741 | D:6      | Found Joekhaq's Antique Weapon Shoppe.
  6741 | D:6      | Noticed Prince Ribbit
  6917 | D:6      | Found Coashioq's Jewellery Shoppe.
  7246 | D:6      | Reached skill level 5 in Translocations
  7659 | D:7      | Reached skill level 1 in Fighting
  7677 | D:7      | Reached skill level 1 in Evocations
  7846 | D:7      | Reached XP level 9. HP: 18/47 MP: 16/22
  7979 | D:6      | Killed Prince Ribbit
  7980 | D:6      | Reached skill level 8 in Spellcasting
  8588 | D:7      | Found a staircase to the Ecumenical Temple.
  8599 | Temple   | Entered the Ecumenical Temple
  8727 | Temple   | Became a worshipper of Vehumet
  9070 | D:8      | Noticed Psyche
  9080 | D:8      | Killed Psyche
  9081 | D:8      | Reached skill level 9 in Spellcasting
  9245 | D:8      | Noticed Erica
  9383 | D:8      | Killed Erica
  9384 | D:8      | Reached skill level 10 in Spellcasting
  9440 | D:8      | Found a sand-covered staircase.
  9445 | Ossuary  | Entered an ossuary
 10012 | Ossuary  | Reached * piety under Vehumet
 10012 | Ossuary  | Offered knowledge of Foxfire by Vehumet.
 10090 | Ossuary  | Reached XP level 10. HP: 58/58 MP: 16/26
 10611 | D:8      | Reached skill level 5 in Fighting
 10614 | D:8      | Reached skill level 11 in Spellcasting
 10638 | D:8      | Reached skill level 5 in Evocations
 10673 | D:8      | Reached ** piety under Vehumet
 10925 | D:8      | Found a staircase to the Lair.
 11327 | D:8      | Upgraded the game from 0.28-a0-1159-g27aa881441 to
                  | 0.28-a0-1182-g381e24db82
 11350 | D:9      | Offered knowledge of Shock by Vehumet.
 11470 | D:9      | Noticed Joseph
 11478 | D:9      | Killed Joseph
 11479 | D:9      | Reached skill level 12 in Spellcasting
 11484 | D:9      | Learned a level 4 spell: Passage of Golubria
 13365 | D:10     | Entered Level 10 of the Dungeon
 13383 | D:10     | Reached skill level 5 in Dodging
 13743 | D:10     | Reached XP level 11. HP: 63/63 MP: 25/29
 13943 | D:10     | Found a staircase to the Orcish Mines.
 14178 | D:10     | Found a hide-covered altar of Uskayaw.
 14749 | Lair:1   | Entered Level 1 of the Lair of Beasts
 14882 | Lair:1   | Noticed Gastronok
 14888 | Lair:1   | Found a sparkling altar of Nemelex Xobeh.
 15032 | Lair:1   | Killed Gastronok
 16369 | Lair:2   | Offered knowledge of Static Discharge by Vehumet.
 16379 | Lair:2   | Noticed a six-headed hydra
 16599 | Lair:2   | Killed a six-headed hydra
 16707 | Lair:2   | Noticed a four-headed hydra
 16714 | Lair:2   | Killed a four-headed hydra
 17072 | Lair:2   | Reached XP level 12. HP: 71/71 MP: 28/30
 17232 | Lair:2   | Reached skill level 10 in Conjurations
 17386 | Lair:2   | Found a staircase to the Shoals.
 17515 | Lair:3   | Reached *** piety under Vehumet
 17632 | Lair:3   | Noticed a seven-headed hydra
 17638 | Lair:3   | Killed a seven-headed hydra
 17689 | Lair:3   | Found a staircase to the Snake Pit.
 18619 | Lair:4   | Offered knowledge of Stone Arrow by Vehumet.
 18633 | Lair:4   | Reached skill level 13 in Spellcasting
 18633 | Lair:4   | Noticed an eight-headed hydra
 18634 | Lair:4   | Noticed a six-headed hydra
 18809 | Lair:4   | Killed a six-headed hydra
 18812 | Lair:4   | Noticed a four-headed hydra
 18984 | Lair:4   | Killed an eight-headed hydra
 18984 | Lair:4   | Killed a four-headed hydra
 18985 | Lair:4   | Reached skill level 10 in Hexes
 19261 | Lair:4   | Noticed a boulder beetle
 19278 | Lair:4   | Killed a boulder beetle
 19789 | Lair:4   | Reached skill level 14 in Spellcasting
 20031 | Lair:4   | Reached XP level 13. HP: 76/76 MP: 33/33
 20584 | Lair:5   | Reached skill level 10 in Stealth
 20764 | Lair:5   | Reached **** piety under Vehumet
 20815 | Lair:5   | Offered knowledge of Sticky Flame by Vehumet.
 21753 | Lair:5   | Found a staircase to the Slime Pits.
 23351 | D:12     | Noticed Kirke
 23360 | D:12     | Noticed Snorg
 23362 | D:12     | Killed Kirke
 23740 | D:12     | Killed Snorg
 24976 | D:13     | Found Viblymur's Magic Scroll Shop.
 24980 | D:13     | Bought a scroll of blinking for 105 gold pieces
 25000 | D:13     | Found Anaeg's Armour Boutique.
 25012 | D:13     | Bought a +0 pair of boots for 54 gold pieces
 25021 | D:13     | Found Icsum's Antique Armour Shop.
 25050 | D:13     | Found Eskan's Weapon Shoppe.
 25582 | D:13     | Reached skill level 15 in Spellcasting
 25772 | D:14     | Reached XP level 14. HP: 37/84 MP: 35/35
 26259 | D:14     | Noticed Azrael
 26581 | D:13     | Killed Azrael
 26582 | D:13     | Reached skill level 16 in Spellcasting
 27086 | D:14     | Found a gate to the Vaults.
 27563 | D:14     | HP: 4/86 [centaur warrior/arrow (19)]
 27564 | D:14     | Killed from afar by an efreet

Illustrated notes

Levels and vault maps discovered:
D:1:      onia_arrival_pyramid, layout_basic,
          shapermc_ecumenical_altar_starsandcircs, minmay_pentomino_s4
D:2:      layout_basic, nicolae_concentric_dashed_squares_mild,
          wander_ebering_terrifying_dragon_lair, uniq_natasha, uniq_sigmund
D:3:      layout_loops_ring, minmay_ruptured
D:4:      layout_rooms, gammafunk_ghost_abyssal_escape, nicolae_shop_gadgets,
          uniq_eustachio
D:5:      layout_basic, portal_sewer_entry_a, minivault_14
D:6:      layout_loops_corners, serial_shops, nicolae_shop_trees,
          nicolae_lakefront_shop, nicolae_take_the_stairs, uniq_prince_ribbit1
D:7:      layout_basic, minmay_temple_entry_glassed_door, minmay_manual_mess
D:8:      layout_basic, erik_lair_island, nicolae_ossuary_entry_false_entrances,
          uniq_erica, uniq_psyche
D:9:      layout_irregular_city, minmay_misc_feat_ornament, nzn_life_drinkers,
          uniq_joseph
D:10:     layout_long_grid, nicolae_uskayaw_dance_hall, orc_0_dummy
D:11:     layout_stronghold
D:12:     layout_cave_pools, uniq_kirke, uniq_snorg
D:13:     layout_loops_ring, serial_shops, nicolae_shop_trees,
          nicolae_diamond_shop, nicolae_shop_statue_plus, shop_fountains,
          moated_statue
D:14:     layout_irregular_city, lightli_vaults_fourway_checkpoint,
          gammafunk_ghost_door_vault, minmay_tree_intersection, minivault_21,
          kennysheep_nub, uniq_azrael
Temple:   mainiacjoe_temple_trianglar_array
Lair:1:   layout_long_grid, basic_altar, beast_lair_carwin_7, uniq_gastronok
Lair:2:   layout_chaotic_city, elwin_shoals_entry_rooms,
          hangedman_lair_unloving_vines
Lair:3:   layout_regular_city, dummy_snake_entry
Lair:4:   layout_cellular_growth, wad_woods_03, lemuel_fruit_fields,
          grunt_megastairs_5, infiniplex_staircase_pool
Lair:5:   layout_loops_ring, dpeg_slime_entry_corner, lemuel_fruit_tree,
          grunt_megastairs_2, serial_bayou_shore_b

Skill      XL: |  1  2  3  4  5  6  7  8  9 10 11 12 13 14 |
---------------+-------------------------------------------+-----
Conjurations   | 5 7 9 12 | 12.4
Spellcasting   | 5 6 7 10 12 14 15 16 | 16.0
Stealth        | 3 4 5 7 8 9 12 | 12.3
Hexes          | 3 6 7 9 10 12 | 12.6
Translocations | 1 5 7 9 |  9.0
Fighting       | 1 4 5 6 7 8 9 |  9.3
Evocations     | 1 4 5 6 7 |  7.0
Dodging        | 5 7 9 |  9.0

Action                   |  1- 3 |  4- 6 |  7- 9 | 10-12 | 13-15 || total
-------------------------+-------+-------+-------+-------+-------++-------
Melee: Demon whip        |       |       |       |     4 |       ||     4
 Fire: Hunting sling     |       |    11 |    42 |    52 |    38 ||   143
Throw: Dart              |       |       |       |     5 |       ||     5
 Cast: Magic Dart        |    38 |    12 |    35 |     3 |       ||    88
       Searing Ray       |     8 |    26 |    79 |    76 |    67 ||   256
       Fulminant Prism   |       |     1 |    16 |   111 |   129 ||   257
       Iskenderun's Myst |       |       |     6 |    52 |    69 ||   127
Evoke: Wand              |       |       |       |    13 |     3 ||    16
       Tin of tremorston |       |       |       |     2 |     1 ||     3
  Use: Scroll            |       |     4 |    14 |     7 |     2 ||    27
       Potion            |       |       |     2 |     1 |     2 ||     5
Armor: Robe              |     1 |     3 |    13 |    24 |    20 ||    61
Dodge: Dodged            |     4 |    10 |    38 |    58 |    83 ||   193

Table legend: (Time is in decaauts)
 A = Elapsed time spent in this place.
 B = Non-inter-level travel time spent in this place.
 C = Inter-level travel time spent in this place.
 D = Time resting spent in this place.
 E = Time spent auto-exploring this place.
 F = Levels seen in this place.
 G = Mean time per level.
                   A        B        C        D        E       F      G
               +--------+--------+--------+--------+--------+-----+--------+
         Total |  28274 |  27120 |   1154 |  12290 |  10749 |  22 | 1285.2 |
       Dungeon |  19074 |  18368 |    706 |   8388 |   7485 |  14 | 1362.4 |
        Temple |    192 |    128 |     64 |      0 |    117 |   1 |  192.0 |
          Lair |   7543 |   7160 |    383 |   3025 |   3142 |   5 | 1508.6 |
         Sewer |    474 |    474 |      0 |    193 |      0 |   1 |  474.0 |
       Ossuary |    989 |    989 |      0 |    684 |      4 |   1 |  989.0 |
               +--------+--------+--------+--------+--------+-----+--------+

Top non-repeatable levels by time:
     D:9: 2237 daAuts
    D:13: 2041 daAuts
  Lair:1: 1907 daAuts
    D:11: 1813 daAuts
  Lair:4: 1702 daAuts
  Lair:3: 1526 daAuts
     D:8: 1439 daAuts
     D:2: 1395 daAuts
     D:7: 1388 daAuts
     D:6: 1302 daAuts
  Lair:5: 1292 daAuts
     D:4: 1252 daAuts
     D:5: 1160 daAuts
  Lair:2: 1114 daAuts
    D:10: 1106 daAuts
